 Dungeon Crawl Stone Soup version 0.28.0-53-g5a82cb258f (webtiles) character file.

Game seed: 5150459262379168488

34 moldycheese5 the Skirmisher (level 3, 0/30 HPs)
             Began as a Demonspawn Abyssal Knight on June 17, 2022.
             Was a Follower of Lugonu.
             Constricted to death by a ball python (1 damage)
             ... on level 2 of the Dungeon.
             The game lasted 00:02:42 (1409 turns).

moldycheese5 the Skirmisher (DsAK)                  Turns: 1409, Time: 00:02:43

Health: 0/30       AC:  7    Str: 15    XL:     3   Next: 14%
Magic:  4/4        EV:  6    Int: 11    God:    Lugonu [*.....]
Gold:   53         SH:  0    Dex: 13    Spells: 2/2 levels left

rFire   + . .      SeeInvis .   a - +1 falchion
rCold   + . .      Faith    .   (no shield)
rNeg    . . .      Spirit   .   e - +0 scale mail
rPois   .          Reflect  .   (no helmet)
rElec   .          Harm     .   f - scarf {rC+ rF+}
rCorr   .          Rampage  .   (no gloves)
Will    .....                   g - +0 pair of boots
Stlth   ..........              (no amulet)
HPRegen 0.10/turn               (no ring)
MPRegen 0.09/turn               (no ring)

@: lethally poisoned (0 -> -7), constricted
A: foul stench 1
a: Renounce Religion, Depart the Abyss


You were on level 2 of the Dungeon.
You worshipped Lugonu.
Lugonu was aware of your devotion.
You visited 1 branch of the dungeon, and saw 2 of its levels.
You visited the Abyss 1 time.

You collected 53 gold pieces.

Inventory:

Hand Weapons
 a - a +1 falchion (weapon)
Armour
 b - a +0 leather armour
 e - a +0 scale mail (worn)
 f - a scarf of resistance (worn)
 g - a +0 pair of boots (worn)
Scrolls
 c - 2 scrolls of identify
 d - a scroll of fog
 h - a scroll of fear {unknown}


   Skills:
 + Level 3.7 Fighting
 + Level 2.3 Long Blades
 + Level 2.0 Armour
 + Level 0.8 Dodging
 + Level 2.6 Invocations


You had 2 spell levels left.
You didn't know any spells.
Your spell library contained the following spells:

 Spells                   Type           Power      Damage    Failure   Level
 Tukima's Dance           Hex            0%         N/A       99%         3
 Passage of Golubria      Tloc           0%         N/A       100%        4
 Yara's Violent Unravell  Hex/Tmut       0%         3d3       100%        5


Dungeon Overview and Level Annotations

Branches:
Dungeon (2/15)

Altars:


Innate Abilities, Weirdness & Mutations

You may rarely emit foul miasma when damaged in melee.


Message History

You feel sick.
You are no longer poisoned.
The ball python bites you but does no damage.
The ball python constricts you. The adder barely misses you.
You closely miss the adder.
The adder is severely wounded.
The ball python barely misses you. The ball python constricts you.
The adder bites you.
You are poisoned.
The adder poisons you! The hobgoblin barely misses you.
The goblin hits you but does no damage.
The ball python bites you but does no damage.
The ball python constricts you.
You barely miss the adder.
The adder is severely wounded.
You feel sick. The adder bites you but does no damage.
The hobgoblin hits you but does no damage.
The ball python bites you but does no damage.
The ball python constricts you. The goblin barely misses you.
The adder bites you.
* * * LOW HITPOINT WARNING * * *
You are lethally poisoned!
The adder poisons you!
You emit a cloud of foul miasma!
The hobgoblin hits you.
* * * LOW HITPOINT WARNING * * *
Okay, then.
You barely miss the adder. Your punch misses the adder.
The adder is severely wounded.
* * * LOW HITPOINT WARNING * * *
You feel sick.
The ball python bites you but does no damage.
The ball python constricts you.
The adder is engulfed in dark miasma.
The adder is poisoned.
You kill the adder!
Lugonu accepts your kill. The goblin hits you with a +0 whip.
* * * LOW HITPOINT WARNING * * *
The hobgoblin hits you but does no damage.
The ball python bites you but does no damage.
The ball python constricts you.
You die...

.##.. .##.# #. #..
.##.####.#.##..###
...........>.....####
.##.####.##.$.......#
# .#...#
.........##.# .#...#
####...l......#
.#...# ......g○S..#
.#...######## #g@...#
.#..........# #..####
.#...######.# #...#
.#........#.# #...##
.#..(####.#.#
#.#..####### .#...#
#.#.# #...........
.#...#
#.#.######.######
.#...# #.....†.....#
.#...# #...........#


You could see a hobgoblin, a goblin, a ball python and a frilled lizard.

Vanquished Creatures
  2 adders (D:2)
  3 endoplasms (D:1)
  2 giant cockroaches (D:1)
  3 goblins
  2 quokkas (D:2)
  3 ball pythons
  3 bats (D:1)
  2 frilled lizards (D:1)
  3 kobolds (D:1)
  3 rats
26 creatures vanquished.

Notes
Turn   | Place    | Note
-------+----------+-------------------------------------------
     0 | Abyss:1  | moldycheese5 the Demonspawn Abyssal Knight began the quest
                  | for the Orb.
     0 | Abyss:1  | Reached XP level 1. HP: 18/18 MP: 2/2
     0 | D:1      | Escaped the Abyss
   529 | D:1      | Gained mutation: You may rarely emit foul miasma when
                  | damaged in melee. [demonic ancestry]
   529 | D:1      | Reached XP level 2. HP: 24/24 MP: 3/3
   633 | D:1      | Reached * piety under Lugonu
  1358 | D:2      | Reached XP level 3. HP: 30/30 MP: 4/4
  1409 | D:2      | HP: 1/30 [goblin/+0 whip (1)]
  1409 | D:2      | Constricted to death by a ball python

Illustrated notes

Levels and vault maps discovered:
D:1:      lemuel_arrival_behind_the_door_small, layout_basic, serial_glass,
          glass_columns_a, glass_columns_a
D:2:      cheibrodos_greedy_goblins, layout_basic,
          shapermc_ecumenical_altar_ellora, minmay_indecisive_spiral

Skill      XL: |  1  2 |
---------------+-------+-----
Long Blades    | 2 |  2.3
Armour         | 2 |  2.0
Fighting       | |  3.7
Dodging        | |  0.8
Invocations    | |  2.6

Action                   || total
-------------------------++-------
Melee: Falchion          ||    84
Invok: Depart the Abyss  ||     1
  Use: Scroll            ||     1
 Stab: Sleeping          ||     1
Armor: Leather armour    ||    10
       Scale mail        ||    39
Dodge: Dodged            ||    66
